Map: Apotheosis LE

Players

ShaDoWn - Winner!

  • Race: Protoss Protoss

Polt

  • Race: Terran Terran

Event: 2016 WCS Summer Circuit Championship (DH Montreal)

VOD

Have the link to the VOD?

Description

Time

  • Played on: Aug. 12, 2016, 6:58 p.m.
  • Length: 8:26

All games in this series

Show
View Real Time Build Order
Export as new Build Order

ShaDoWn Protoss - Winner!

Build Orders: 1 Gate Expand, Blink Stalkers 

Get SALT Encoding   

  12  0:00  Probe (Chrono Boost)  
  13  0:11  Probe (Chrono Boost)  
  14  0:17  Pylon  
  14  0:22  Probe (Chrono Boost)  
  15  0:35  Probe (Chrono Boost)  
  16  0:36  Gateway  
  16  0:41  Assimilator  
  16  0:46  Probe (Chrono Boost)  
  17  0:56  Probe (Chrono Boost)  
  18  1:07  Probe (Chrono Boost)  
  19  1:19  Nexus  
  19  1:23  Probe (Chrono Boost)  
  20  1:31  Cybernetics Core  
  20  1:35  Probe (Chrono Boost)  
  20  1:39  Assimilator  
  21  1:45  Probe (Chrono Boost)  
  22  1:49  Pylon  
  22  1:56  Probe (Chrono Boost)  
  23  2:08  Adept, Mothership Core (Chrono Boost)  
  27  2:13  Warp Gate  
  27  2:26  Probe (Chrono Boost)  
  28  2:33  Probe (Chrono Boost)  
  28  2:34  Robotics Facility  
  28  2:36  Probe (Chrono Boost)  
  30  2:44  Probe (Chrono Boost)  
  30  2:47  Probe (Chrono Boost)  
  31  2:54  Probe (Chrono Boost)  
  31  2:57  Twilight Council  
  31  2:58  Probe (Chrono Boost)  
  33  3:05  Probe (Chrono Boost)  
  34  3:08  Probe (Chrono Boost)  
  35  3:15  Probe (Chrono Boost)  
  35  3:19  Probe (Chrono Boost)  
  37  3:23  Observer  
  37  3:25  Blink  
  37  3:26  Probe (Chrono Boost)  
  37  3:27  Gateway  
  39  3:28  Gateway  
  39  3:29  Probe (Chrono Boost)  
  39  3:33  Pylon  
  40  3:36  Probe (Chrono Boost)  
  42  3:41  Probe (Chrono Boost)  
  42  3:47  Probe (Chrono Boost)  
  45  3:48  Zealot  
  45  3:51  Assimilator  
  45  3:53  Observer  
  45  3:54  Probe (Chrono Boost)  
  47  3:57  Probe (Chrono Boost)  
  48  4:06  Probe (Chrono Boost)  
  49  4:10  Nexus  
  49  4:14  Probe (Chrono Boost)  
  50  4:17  Pylon  
  50  4:18  Observer  
  50  4:21  Probe (Chrono Boost)  
  52  4:24  Probe (Chrono Boost)  
  53  4:33  Probe (Chrono Boost)  
  53  4:35  Probe (Chrono Boost), Stalker x2  
  53  4:36  Stalker  
  61  4:40  Pylon  
  61  4:49  Observer  
  62  4:59  Probe (Chrono Boost), Stalker x3  
  70  5:00  Probe (Chrono Boost)  
  70  5:02  Pylon  
  70  5:20  Probe (Chrono Boost)  
  70  5:21  Probe (Chrono Boost), Gateway  
  72  5:22  Gateway  
  72  5:25  Sentry x2  
  72  5:26  Stalker  
  72  5:27  Resonating Glaives  
  79  5:30  Probe (Chrono Boost)  
  79  5:31  Gateway  
  79  5:32  Gateway  
  79  5:34  Gateway  
  79  5:38  Probe (Chrono Boost)  
  79  5:39  Probe (Chrono Boost)  
  81  5:44  Probe (Chrono Boost)  
  81  5:45  Assimilator  
  81  5:48  Probe (Chrono Boost), Pylon  
  81  5:49  Adept x2  
  87  5:52  Adept  
  87  5:55  Pylon  
  89  6:06  Pylon  
  89  6:09  Warp Prism  
  91  6:13  Adept x2  
  91  6:14  Adept  
  91  6:18  Adept x2, Pylon  
  97  6:22  Probe (Chrono Boost)  
  102  6:30  Pylon  
  102  6:31  Adept x2  
  102  6:32  Adept  
  108  6:37  Adept x3  
  114  6:54  Adept x2  
  114  6:55  Adept x3  
  116  7:03  Stalker x3  
  122  7:15  Adept x3  
  122  7:16  Adept x2  
  122  7:18  Pylon  
  122  7:20  Pylon x2  
  122  7:22  Pylon x2  
  132  7:37  Stalker x4  
  132  7:38  Adept x3, Stalker  
  141  7:59  Adept x3  
  141  8:00  Stalker  
  141  8:01  Stalker x4  
  155  8:08  Probe x2 (Chrono Boost)  
Show
View Real Time Build Order
Export as new Build Order

Polt Terran 

Build Orders: Reaper Expand, MMM Bio 

Get SALT Encoding   

  12  0:00  SCV  
  13  0:12  SCV  
  14  0:17  Supply Depot  
  14  0:24  SCV  
  15  0:38  SCV  
  15  0:40  Barracks  
  16  0:44  Refinery  
  16  0:50  SCV  
  17  1:02  SCV  
  18  1:15  SCV  
  19  1:27  Orbital Command  
  19  1:28  Reaper  
  20  1:40  Command Center  
  20  1:51  Supply Depot  
  20  1:52  SCV  
  21  2:00  Barracks Reactor  
  21  2:04  SCV  
  21  2:08  Barracks  
  22  2:16  SCV  
  23  2:26  Factory  
  23  2:28  SCV  
  24  2:30  Refinery  
  24  2:38  Marine x2  
  24  2:40  SCV  
  26  2:52  Orbital Command  
  26  2:53  SCV  
  26  2:55  Barracks Tech Lab  
  26  2:56  Marine x2  
  29  3:05  SCV  
  30  3:14  Marine x2  
  30  3:15  Marine  
  30  3:18  Starport  
  30  3:19  SCV  
  34  3:20  SCV  
  34  3:25  Stimpack  
  35  3:31  SCV  
  35  3:32  SCV  
  37  3:39  Marine x3  
  40  3:43  Supply Depot, SCV  
  40  3:44  SCV  
  40  3:46  Widow Mine  
  44  3:53  Engineering Bay  
  44  3:55  Medivac  
  46  3:58  Supply Depot  
  46  4:04  SCV  
  46  4:05  SCV  
  46  4:06  Marine x3  
  51  4:17  SCV x2  
  53  4:19  Supply Depot  
  53  4:23  Factory Reactor  
  53  4:26  Marine x3  
  53  4:29  SCV x2  
  60  4:32  Terran Infantry Weapons Level 1  
  60  4:35  Supply Depot  
  60  4:36  Medivac  
  60  4:43  SCV x2  
  62  4:46  Marine x3, Refinery  
  65  4:54  Supply Depot  
  65  4:55  SCV x2  
  67  5:01  Missile Turret  
  67  5:07  SCV x2  
  67  5:08  Marine x3  
  71  5:14  Medivac x2  
  71  5:15  Widow Mine  
  79  5:23  Supply Depot  
  77  5:29  Marine x3  
  77  5:31  Command Center, Combat Shields  
  80  5:38  Refinery  
  80  5:40  SCV x2  
  82  5:48  Marine x2, Marauder  
  86  5:52  SCV x2  
  88  6:02  Barracks x2  
  88  6:04  Barracks  
  88  6:05  SCV x2  
  88  6:09  Supply Depot x2  
  90  6:14  Marauder  
  90  6:15  Marine x2  
  94  6:28  Terran Infantry Armor Level 1  
  94  6:30  SCV x2  
  96  6:34  Liberator x2  
  94  6:43  SCV x2  
  94  6:48  Marine x2, Marauder  
  94  6:50  Orbital Command  
  102  6:55  SCV x2  
  99  7:04  Barracks Tech Lab x2, Barracks Reactor  
  99  7:07  SCV x2  
  101  7:08  Refinery  
  101  7:10  Refinery  
  101  7:15  Marine x2  
  101  7:16  Liberator, Marauder  
  101  7:17  SCV  
  101  7:18  Liberator  
  101  7:19  SCV x2  
  101  7:22  Starport, Fusion Core  
  108  7:26  Sensor Tower  
  108  7:29  Marauder  
  112  7:30  Marauder  
  112  7:33  Supply Depot x2, Marine x2  
  120  7:37  Marauder  
  120  7:41  SCV x2  
  120  7:42  SCV  
  124  7:51  Marauder x2  
  124  7:54  Marine x4  
  127  7:59  Marauder  
  127  8:03  Starport Tech Lab  
Tags
 
Add a new tag
Caveats
  • Supply blocks, unpowered buildings, or Contaminate may cause inaccurate times.
  • Supply counts are checked every 10 seconds.